Map: Curious Minds LE

Players

Spirit (souL) - Winner!

  • Race: Terran Terran
  • League: Master

Lambo

  • Race: Zerg Zerg
  • League: Grandmaster

VOD

Have the link to the VOD?

Description

Time

  • Played on: Oct. 21, 2021, 7:32 a.m.
  • Length: 11:38
Show
View Real Time Build Order
Export as new Build Order

Spirit Terran - Winner!

Build Orders: Gas First Reaper Expand, Hellion Banshee 

Get SALT Encoding   

  12  0:00  SCV  
  13  0:12  SCV  
  14  0:17  Supply Depot  
  14  0:25  SCV  
  14  0:27  Refinery  
  15  0:38  SCV  
  16  0:44  Barracks  
  16  0:50  SCV  
  17  1:03  SCV  
  18  1:15  SCV  
  19  1:31  Reaper, Orbital Command  
  20  1:42  Command Center  
  20  1:53  Factory  
  20  1:57  SCV  
  21  2:05  Supply Depot  
  21  2:06  Barracks Reactor  
  21  2:09  SCV  
  21  2:15  Refinery  
  22  2:21  SCV  
  23  2:33  SCV  
  24  2:42  Starport  
  24  2:45  SCV  
  24  2:48  Hellion  
  24  2:49  Hellion  
  29  2:52  Barracks Tech Lab  
  29  2:56  Orbital Command  
  29  2:58  SCV  
  30  3:10  SCV, Hellion x2  
  35  3:18  Barracks Tech Lab  
  35  3:22  SCV x2  
  35  3:24  Cloaking Field  
  37  3:29  Banshee  
  40  3:34  Supply Depot  
  40  3:36  Marine  
  40  3:37  SCV  
  40  3:39  SCV  
  43  3:49  SCV, Hellion  
  43  3:53  Stimpack  
  46  3:56  SCV, Hellion  
  46  4:00  Bunker  
  46  4:01  SCV  
  50  4:03  Supply Depot  
  50  4:08  SCV  
  49  4:13  Banshee  
  49  4:16  Hellion  
  51  4:18  SCV  
  51  4:23  Supply Depot  
  52  4:26  Hellion  
  54  4:32  SCV x2  
  51  4:44  SCV  
  47  4:48  Supply Depot  
  47  4:51  SCV  
  42  4:56  SCV  
  41  5:03  SCV, Hellion  
  44  5:09  SCV  
  45  5:15  SCV  
  45  5:19  Starport Reactor, Hellion  
  45  5:21  SCV  
  49  5:31  SCV  
  49  5:32  Command Center  
  49  5:33  SCV  
  51  5:36  Combat Shield  
  51  5:37  Marine  
  51  5:38  Supply Depot  
  51  5:41  Hellion  
  54  5:47  Hellion  
  54  5:49  SCV  
  57  5:51  SCV  
  58  6:01  SCV  
  59  6:06  SCV, Starport Reactor  
  59  6:07  Barracks  
  59  6:08  Supply Depot  
  59  6:09  Barracks  
  60  6:13  SCV  
  61  6:18  SCV  
  61  6:20  Engineering Bay x2  
  61  6:24  Refinery  
  61  6:25  SCV  
  63  6:30  SCV  
  64  6:37  SCV  
  61  6:42  SCV  
  61  6:45  Siege Tank  
  65  6:47  Orbital Command  
  65  6:49  Terran Infantry Weapons Level 1, SCV, Terran Infantry Armor Level 1  
  65  6:52  Barracks  
  65  6:53  Barracks  
  66  6:54  SCV  
  66  6:55  Refinery  
  66  7:00  Marine  
  66  7:01  SCV  
  66  7:06  Marine x2  
  66  7:07  SCV  
  66  7:08  Orbital Command, Liberator  
  67  7:10  Medivac  
  67  7:12  Marine  
  67  7:13  Marine  
  71  7:18  Marine  
  71  7:20  SCV  
  73  7:23  Supply Depot  
  73  7:24  Marine x2  
  73  7:25  Siege Tank  
  73  7:27  SCV  
  73  7:29  Marine  
  79  7:32  Marine, SCV  
  79  7:36  SCV  
  83  7:39  SCV, Bunker  
  83  7:40  Barracks Reactor  
  83  7:41  Barracks Reactor  
  83  7:42  Marine  
  85  7:44  SCV  
  85  7:48  SCV  
  85  7:49  Armory  
  85  7:50  Marine x3  
  90  7:54  Medivac  
  90  7:55  SCV  
  90  7:56  Marine  
  94  8:00  Marine, Medivac  
  97  8:07  SCV x2, Refinery  
  97  8:08  Marine x2, Supply Depot  
  97  8:09  Supply Depot, SCV  
  97  8:10  Marine  
  103  8:16  Marine x2  
  103  8:19  SCV x2  
  107  8:21  SCV  
  107  8:22  Marine  
  109  8:29  Marine x2  
  109  8:30  Medivac x2  
  109  8:31  SCV  
  109  8:32  Marine, SCV  
  109  8:33  SCV  
  117  8:35  Marine, Siege Tank  
  117  8:37  Marine x4  
  125  8:45  Marine, SCV  
  125  8:47  Marine x2  
  129  8:50  Marine  
  129  8:53  Marine  
  129  8:54  Terran Infantry Weapons Level 2  
  129  8:55  Marine, Command Center  
  130  8:59  Supply Depot  
  130  9:00  Supply Depot  
  130  9:01  SCV  
  130  9:02  Marine  
  133  9:15  Terran Infantry Armor Level 2  
  133  9:16  SCV  
  133  9:19  Marine, SCV  
  133  9:20  Marine x3, SCV  
  133  9:21  Marine, Siege Tank  
  133  9:22  Marine x3  
  144  9:26  Medivac  
  144  9:28  Marine, SCV  
  146  9:31  SCV  
  146  9:36  Marine  
  146  9:38  Marine  
  149  9:39  Supply Depot  
  149  9:41  Supply Depot  
  149  9:43  Supply Depot  
  149  9:44  Marine  
  149  9:46  Marine  
  149  10:00  Factory  
  149  10:01  Marine x5, Siege Tank  
  149  10:03  Marine x3, Medivac x2  
  164  10:07  Barracks  
  164  10:10  Marine  
  165  10:18  Marine x5  
  165  10:20  Marine  
  171  10:21  Marine x2  
  171  10:28  Marine  
  171  10:33  Medivac x2, Widow Mine  
  169  10:36  Marine x5  
  169  10:41  Marine  
  169  10:42  Marine x2  
  169  10:46  Marine  
  169  10:49  SCV x3  
  173  10:50  Factory Reactor  
  173  10:54  Marine x3  
  174  10:58  Marine  
  174  11:01  SCV  
  174  11:02  SCV x2  
  174  11:03  Medivac x2  
  182  11:05  Marine, Barracks  
  182  11:06  Barracks x2  
  183  11:13  SCV  
  183  11:14  Widow Mine  
  183  11:16  Marine  
Show
View Real Time Build Order
Export as new Build Order

Lambo Zerg 

Build Orders: Hatch First 

Get SALT Encoding   

  12  0:00  Drone  
  13  0:12  Overlord  
  13  0:17  Drone  
  14  0:30  Drone x2  
  16  0:47  Hatchery  
  15  0:50  Drone  
  15  0:55  Drone  
  17  0:59  Drone  
  18  1:09  Extractor  
  17  1:13  Spawning Pool  
  17  1:18  Drone  
  17  1:20  Drone  
  18  1:28  Drone  
  19  1:38  Drone  
  20  1:49  Drone  
  21  1:59  Queen x2  
  21  2:00  Zergling x4  
  27  2:10  Drone  
  28  2:17  Hatchery  
  27  2:25  Roach Warren  
  26  2:30  Overlord  
  26  2:33  Drone  
  26  2:36  Drone  
  27  2:46  Overlord  
  27  2:48  Drone  
  28  2:56  Overlord  
  28  3:11  Roach x5  
  38  3:17  Roach x2  
  42  3:21  Roach  
  44  3:30  Drone  
  44  3:34  Roach  
  47  3:38  Drone x2  
  49  3:42  Drone  
  49  3:48  Drone x3  
  53  3:57  Drone x2  
  53  4:00  Drone x2  
  57  4:03  Overlord  
  57  4:07  Queen, Extractor  
  57  4:08  Extractor  
  57  4:12  Overlord  
  59  4:22  Drone x2  
  59  4:23  Drone, Evolution Chamber x3  
  57  4:27  Roach  
  57  4:28  Drone  
  57  4:35  Drone x4  
  59  4:39  Drone  
  59  4:42  Drone x2  
  59  4:44  Drone x2  
  59  4:45  Drone  
  64  4:49  Drone  
  64  4:51  Drone x2  
  65  4:54  Drone  
  65  4:59  Lair, Extractor  
  59  5:02  Drone x2  
  59  5:03  Drone  
  59  5:06  Spore Crawler  
  56  5:14  Spore Crawler x2, Queen  
  52  5:16  Drone  
  55  5:21  Drone x2  
  55  5:24  Drone  
  55  5:25  Drone x2  
  55  5:28  Drone x2  
  62  5:31  Queen  
  62  5:34  Drone x2  
  66  5:37  Metabolic Boost  
  66  5:39  Extractor  
  66  5:41  Zergling x4  
  67  5:47  Drone  
  67  5:48  Drone x2  
  66  5:50  Drone x2  
  66  5:53  Drone x3  
  71  5:58  Drone x2  
  71  6:01  Drone  
  71  6:02  Drone  
  73  6:04  Overseer  
  73  6:08  Zerg Ground Armor Level 1  
  73  6:09  Overlord  
  73  6:11  Overlord  
  73  6:15  Drone x2  
  73  6:18  Overlord, Extractor  
  73  6:19  Drone  
  73  6:24  Overlord  
  67  6:35  Drone x5  
  67  6:38  Drone x2  
  68  6:41  Zergling x6  
  68  6:43  Drone  
  72  6:47  Zerg Melee Weapons Level 1  
  72  6:49  Drone x2  
  72  6:50  Drone x2  
  72  6:51  Baneling Nest  
  75  6:55  Drone x2  
  76  7:02  Drone  
  76  7:04  Drone  
  76  7:05  Drone  
  76  7:12  Hatchery  
  75  7:16  Zergling x12  
  75  7:17  Zergling x10  
  75  7:21  Zergling x2  
  87  7:28  Overlord  
  87  7:31  Zergling x4  
  87  7:35  Centrifugal Hooks  
  89  7:40  Overlord x2  
  89  7:42  Zergling x8  
  89  7:43  Baneling  
  89  7:44  Baneling x8  
  93  7:47  Overseer  
  93  7:49  Zergling x6  
  93  7:51  Drone  
  97  7:53  Zergling x2  
  98  8:00  Zergling x4  
  98  8:03  Drone  
  101  8:09  Drone x4  
  101  8:11  Zerg Ground Armor Level 2  
  105  8:13  Drone  
  105  8:14  Drone x2, Hatchery  
  105  8:17  Drone x5  
  112  8:28  Zergling x10  
  116  8:39  Drone x6  
  122  8:43  Drone x2  
  122  8:47  Drone x4  
  127  8:52  Zerg Melee Weapons Level 2  
  126  8:55  Infestation Pit  
  126  8:58  Zergling x8  
  126  8:59  Baneling x2  
  126  9:00  Baneling x2, Hatchery  
  127  9:03  Zergling x4  
  127  9:07  Zergling x2  
  127  9:08  Baneling  
  127  9:09  Baneling x5  
  130  9:10  Zergling x2  
  130  9:13  Zergling x6  
  133  9:19  Zergling x4  
  133  9:22  Overlord  
  134  9:24  Drone  
  134  9:29  Overlord  
  131  9:33  Zergling x14  
  131  9:36  Baneling x3  
  131  9:37  Baneling  
  131  9:38  Hive  
  135  9:40  Zergling x14  
  135  9:45  Spore Crawler  
  136  9:46  Drone, Spore Crawler  
  136  9:52  Zergling x8  
  140  9:56  Baneling x6  
  140  9:57  Baneling x6  
  138  10:00  Zergling x16  
  138  10:03  Zergling x4  
  138  10:06  Drone  
  147  10:08  Zergling x6  
  147  10:11  Baneling  
  147  10:12  Baneling x2  
  150  10:17  Zergling x10  
  154  10:22  Zergling x8  
  154  10:25  Zergling x12  
  163  10:31  Zergling x10  
  149  10:36  Zergling x8  
  149  10:38  Zergling x8  
  149  10:41  Zergling x2  
  142  10:45  Queen  
  142  10:46  Zergling x6  
  142  10:47  Queen x3  
  142  10:49  Baneling x8  
  153  10:50  Zergling x2  
  153  10:52  Zergling x10  
  155  10:58  Zergling x2  
  155  10:59  Zergling x2  
  157  11:06  Zergling x12  
  157  11:09  Overseer  
  163  11:12  Zergling x2  
  163  11:14  Overlord  
  163  11:15  Overlord  
  157  11:21  Zergling x30  
Tags
 
Add a new tag
Caveats
  • Supply blocks, unpowered buildings, or Contaminate may cause inaccurate times.
  • Supply counts are checked every 10 seconds.